 Dungeon Crawl Stone Soup version 0.20.1-1-g8b1a95d (webtiles) character file.

11 Internecine the Firebug (level 2, 0/24 HPs)
             Began as an Ogre Fire Elementalist on Oct 3, 2017.
             Slain by a hobgoblin
             ... wielding a +0 club
              (2 damage)
             ... on level 1 of the Dungeon.
             The game lasted 00:06:05 (553 turns).

Internecine the Firebug (Ogre Fire Elementalist)     Turns: 553, Time: 00:06:06

Health: 0/24       AC:  3    Str: 11    XL:     2   Next: 25%
Magic:  5/5        EV: 10    Int: 16    God:
Gold:   19         SH:  0    Dex:  9    Spells: 5/6 levels left

rFire    . . .     SeeInvis .   k - -2 whip (curse)
rCold    . . .     Gourm    .   (no shield)
rNeg     . . .     Faith    .   a - +0 robe
rPois    .         Spirit   .   (helmet restricted)
rElec    .         Reflect  .   (no cloak)
rCorr    .         Harm     .   (gloves unavailable)
MR       .....                  (boots unavailable)
Stlth    +.........             (no amulet)
Regen    0.1/turn               (no ring)
MPRegen  0.1/turn               (no ring)

@: no status effects
A: unfitting armour, tough skin 1
a: no special abilities


You were on level 1 of the Dungeon.
You were not hungry.

You visited 1 branch of the dungeon, and saw 1 of its levels.

You collected 19 gold pieces.

Inventory:

Hand Weapons
 g - a +0 dagger
 k - a cursed -2 whip (weapon)
Missiles
 e - 40 stones (quivered)
Armour
 a - a +0 robe (worn)
Scrolls
 f - a scroll of fear {unknown}
 h - a scroll of blinking {unknown}
 j - 2 scrolls of remove curse {unknown}
Potions
 i - a potion of heal wounds {unknown}
Books
 b - a book of Flames

   Spells                             Type                      Level
   a - Flame Tongue                   Conjuration/Fire             1
   b - Throw Flame                    Conjuration/Fire             2
   c - Conjure Flame                  Conjuration/Fire             3
   d - Inner Flame                    Hexes/Fire                   3
   e - Sticky Flame                   Conjuration/Fire             4
   f - Fireball                       Conjuration/Fire             5
Comestibles
 c - a bread ration
 d - a meat ration


   Skills:
 + Level 2.0 Dodging
 + Level 1.4 Stealth
 + Level 2.5 Spellcasting
 + Level 0.8 Conjurations
 + Level 3.0 Fire Magic


You had 5 spell levels left.
You knew the following spells:

 Your Spells              Type           Power        Failure   Level  Hunger
a - Flame Tongue          Conj/Fire      #....        9%          1    #......


Dungeon Overview and Level Annotations

Branches:
Dungeon (1/15)

Altars:


Innate Abilities, Weirdness & Mutations

You are too large for most types of armour.
You have tough skin. (AC +1)


Message History

The hobgoblin shoots a stone.
The stone hits you!
* * * LOW HITPOINT WARNING * * *
You see here a stone.
A leopard gecko comes into view.
The leopard gecko hisses angrily.
The hobgoblin unwields an uncursed hunting sling.
The hobgoblin wields an uncursed club.
The hobgoblin hits you but does no damage.
You closely miss the hobgoblin. The hobgoblin misses you.
You barely miss the hobgoblin.
The leopard gecko bites you but does no damage.
The hobgoblin barely misses you.
You barely miss the hobgoblin. The leopard gecko bites you.
* * * LOW HITPOINT WARNING * * *
The leopard gecko bites you but does no damage.
The hobgoblin hits you but does no damage.
You barely miss the hobgoblin. The leopard gecko bites you.
* * * LOW HITPOINT WARNING * * *
The hobgoblin hits you with an uncursed club.
You die...

#...###..#..######.####.#
##.#....##............#.#
......####............#.#
#####
##########.....#####..#.#
#.... #.#
#.........#?$(#..#.#
#.###
#.####.........#$[(#..#.#
#.#
#.......>......#??(#....
..#
######..##.(((.#####..#
#### ..#
#..###.#.(.@g.(..# #.#
#..# #.#...l...(.# #.#
#..# #.###.####### #.#
#..# #.. .... ## #.# #...
..(.....# .... #.# #...
.......... #### #.#
#####...## ..# ##### ###


You could see a leopard gecko and a hobgoblin.

Vanquished Creatures
  A bat (D:1)
  A goblin (D:1)
  2 frilled lizards (D:1)
  4 kobolds (D:1)
  4 rats (D:1)
12 creatures vanquished.

Notes
Turn   | Place    | Note
-------+----------+-------------------------------------------
     0 | D:1      | Internecine the Ogre Fire Elementalist began the quest for the Orb.
     0 | D:1      | Reached XP level 1. HP: 16/16 MP: 3/3
   379 | D:1      | Reached skill level 3 in Fire Magic
   383 | D:1      | Reached XP level 2. HP: 24/24 MP: 0/5
   553 | D:1      | Slain by a hobgoblin

Skill      XL: |  1  2 |
---------------+-------+-----
Fire Magic     | 3 |  3.0
Dodging        | 2 |  2.0
Stealth        | |  1.4
Spellcasting   | |  2.5
Conjurations   | |  0.8

Action                   || total
-------------------------++-------
Melee: Unarmed           ||    14
       Dagger            ||     5
       Whip              ||     4
Throw: Stone             ||    12
 Cast: Flame Tongue      ||    15
Armor: Robe              ||    13
Dodge: Dodged            ||    16
